 Dungeon Crawl Stone Soup version 0.29-a0-483-g69413ace17 (webtiles) character file.

Game seed: 7133085215523045192

3532 greasedhog the Severer (level 10, -3/120 HPs)
             Began as a Hill Orc Berserker on May 25, 2022.
             Was an Elder of Trog.
             Slain by a hornet (9 damage)
             ... on level 8 of the Dungeon.
             The game lasted 00:12:28 (9041 turns).

greasedhog the Severer (Hill Orc Berserker)         Turns: 9041, Time: 00:12:28

Health: -3/120     AC:  9    Str: 25    XL:     10   Next: 8%
Magic:  0/10       EV:  9    Int:  7    God:    Trog [****..]
Gold:   305        SH:  0    Dex: 10    Spells: 9/9 levels left

rFire   . . .      SeeInvis .   a - +0 war axe
rCold   . . .      Faith    .   (no shield)
rNeg    . . .      Spirit   +   k - +0 chain mail
rPois   +          Reflect  .   (no helmet)
rElec   .          Harm     .   (no cloak)
rCorr   .          Rampage  .   h - +0 pair of gloves
Will    +....                   (no boots)
Stlth   ..........              g - amulet of guardian spirit
HPRegen 0.30/turn               l - ring of willpower
MPRegen 0.12/turn               F - ring of poison resistance

@: berserking, lethally poisoned (-3 -> -10), very quick
A: no striking features
a: Renounce Religion, Berserk, Trog's Hand, Brothers in Arms


You were on level 8 of the Dungeon.
You worshipped Trog.
Trog was greatly pleased with you.
You visited 2 branches of the dungeon, and saw 9 of its levels.

You collected 405 gold pieces.
You spent 100 gold pieces at shops.

Inventory:

Hand Weapons
 a - a +0 war axe (weapon)
 E - a +0 hand crossbow
 G - a +1 hand axe of freezing
 I - a +0 hand axe of flaming
Armour
 h - a +0 pair of gloves (worn)
 k - a +0 chain mail (worn)
 w - a +1 scale mail of fire resistance
Jewellery
 g - an amulet of guardian spirit (around neck)
 l - a ring of willpower (left hand)
 s - a ring of resist corrosion
 F - a ring of poison resistance (right hand)
Wands
 u - a wand of polymorph (6)
 v - a wand of charming (12)
 x - a wand of iceblast (8)
 z - a wand of flame (24)
Scrolls
 b - 3 scrolls of enchant weapon
 c - 2 scrolls of fear
 e - 3 scrolls of vulnerability
 f - a scroll of silence
 i - a scroll of teleportation
 j - a scroll of summoning
 o - a scroll of blinking
 y - a scroll of magic mapping {unknown}
 A - a scroll of poison {unknown}
 C - a scroll of fog {unknown}
Potions
 d - 2 potions of attraction {unknown}
 m - a potion of brilliance {unknown}
 n - a potion of lignification {unknown}
 p - 2 potions of mutation {unknown}
 q - a potion of heal wounds {unknown}
 r - a potion of flight {unknown}
 B - a potion of ambrosia {unknown}
 D - a potion of cancellation {unknown}
 H - a potion of berserk rage {unknown}
Miscellaneous
 t - a phial of floods


   Skills:
 * Level 4.5 Fighting
 - Level 16.6 Axes
 - Level 2.1 Armour
 - Level 3.0 Dodging
 - Level 0.1 Spellcasting
 * Level 4.1 Evocations


You had 9 spell levels left.
You didn't know any spells.
Your spell library was empty.

Dungeon Overview and Level Annotations

Branches:
Dungeon (8/15)             Temple (1/1) D:7            Lair (0/6) D:8

Altars:
Ashenzari
Cheibriados
Dithmenos
Elyvilon
Fedhas
Gozag
Hepliaklqana
Kikubaaqudgha
Nemelex Xobeh
Okawaru
Qazlal
Ru
Sif Muna
Trog
Wu Jian
Xom
Yredelemnul
Zin
The Shining One

Shops:
D:4 *[*   D:6 *


Message History

The hornet is severely wounded.
You feel sick. The hornet closely misses you.
You closely miss the hornet.
The hornet is severely wounded.
You feel sick.
The hornet stings you but does no damage.
You completely miss the hornet. Your punch misses the hornet.
The hornet is severely wounded.
You feel sick.
The hornet stings you but does no damage.
You closely miss the hornet.
The hornet is severely wounded.
You feel sick. The hornet stings you!
You are too injured to fight recklessly!
You are too injured to fight recklessly!
You closely miss the hornet.
The hornet is severely wounded.
The hornet stings you.
You feel yourself slow down.
You slash the hornet!
The hornet is almost dead.
You feel yourself speed up.
You feel sick. The hornet stings you. The hornet stings you!
* * * LOW HITPOINT WARNING * * *
You closely miss the hornet.
The hornet is almost dead.
You feel sick. The hornet stings you!
* * * LOW HITPOINT WARNING * * *
A red film seems to cover your vision as you go berserk!
You feel yourself moving faster!
You feel mighty!
You feel sick. The hornet barely misses you.
You hit the hornet but do no damage.
The hornet is almost dead.
You feel sick. The hornet stings you.
* * * LOW HITPOINT WARNING * * *
You are lethally poisoned!
You completely miss the hornet.
The hornet is almost dead.
* * * LOW HITPOINT WARNING * * *
You feel sick. The hornet stings you!
You die...

...........#.##
.....
.....#.......#
.......
....###..#####
...## ....
#..###.##......
... ##..#...#....#
.. #......#...##
.###...........#.
#.................
####......@y....#
.................
....##....?.......
.... #............
..................
.. ...............
................
#...............


You could see a hornet.

Vanquished Creatures
  Pikel (D:7)
  An elephant (D:8)
  Prince Ribbit (D:7)
  A yak (D:8)
  A basilisk (D:8)
  Duvessa (D:7)
  A sky beast (D:7)
  3 black bears
  A phantom (D:6)
  4 lemures (D:7)
  2 kobold brigands
  A necrophage (D:6)
  2 bullfrogs
  4 scorpions
  4 wights (D:7)
  Dowan (D:7)
  A howler monkey (D:8)
  3 hounds
  2 jellies
  5 orc priests
  A gnoll shaman (D:7)
  5 iguanas
  2 orc wizards (D:4)
  14 gnolls
  8 adders
  2 white imps
  An ufetubus (D:7)
  3 worms
  2 dart slugs
  20 orcs
  2 bats (D:1)
  5 endoplasms
  5 giant cockroaches
  5 goblins
  13 hobgoblins
  2 jackals (D:3)
  6 quokkas
  6 ball pythons
  6 frilled lizards
  18 kobolds
  7 rats
173 creatures vanquished.

Vanquished Creatures (others)
  A fungus (D:8)
  19 plants (D:5)
20 creatures vanquished.

Grand Total: 193 creatures vanquished

Notes
Turn   | Place    | Note
-------+----------+-------------------------------------------
     0 | D:1      | greasedhog the Hill Orc Berserker began the quest for the
                  | Orb.
     0 | D:1      | Reached XP level 1. HP: 19/19 MP: 1/1
   449 | D:1      | Reached XP level 2. HP: 26/26 MP: 2/2
   966 | D:1      | Found a faded altar of an unknown god.
  1045 | D:2      | Reached skill level 5 in Axes
  1085 | D:2      | Reached XP level 3. HP: 22/31 MP: 3/3
  1324 | D:2      | Reached XP level 4. HP: 39/39 MP: 4/4
  1543 | D:2      | Reached skill level 6 in Axes
  2156 | D:2      | Reached ** piety under Trog
  2160 | D:2      | Reached XP level 5. HP: 45/45 MP: 5/5
  2814 | D:3      | Reached skill level 7 in Axes
  3338 | D:4      | Found Luluyxt's Antique Armour Boutique.
  3338 | D:4      | Found Lefin's Assorted Antiques.
  3345 | D:4      | Found Reni's Weapon Boutique.
  3346 | D:4      | Found Bodal's Assorted Antiques.
  3351 | D:4      | Reached XP level 6. HP: 51/51 MP: 6/6
  3353 | D:4      | Bought a scroll of identify for 46 gold pieces
  3388 | D:4      | Bought a scroll of identify for 54 gold pieces
  3426 | D:4      | Reached skill level 8 in Axes
  3634 | D:4      | Found a stormy altar of Qazlal.
  4196 | D:4      | Found a white marble altar of Elyvilon.
  4196 | D:4      | Found a glowing silver altar of Zin.
  4196 | D:4      | Found a glowing golden altar of the Shining One.
  4301 | D:4      | Found a sparkling altar of Nemelex Xobeh.
  4355 | D:4      | Found a shimmering blue altar of Sif Muna.
  4355 | D:4      | Found a faded altar of an unknown god.
  4363 | D:4      | Found a broken altar of Ashenzari.
  4365 | D:4      | Found a faded altar of an unknown god.
  4367 | D:4      | Found a basalt altar of Yredelemnul.
  4387 | D:5      | Entered Level 5 of the Dungeon
  4399 | D:5      | Reached skill level 9 in Axes
  4429 | D:5      | Reached XP level 7. HP: 49/57 MP: 5/7
  5179 | D:5      | Reached skill level 10 in Axes
  5383 | D:5      | Reached *** piety under Trog
  5490 | D:5      | Reached skill level 1 in Evocations
  5759 | D:5      | Reached skill level 11 in Axes
  5759 | D:5      | Reached XP level 8. HP: 64/64 MP: 8/8
  6381 | D:6      | Reached skill level 12 in Axes
  6533 | D:6      | Found Heysm's Lightly-Used Armoury.
  6716 | D:7      | Reached skill level 13 in Axes
  7006 | D:7      | Noticed Duvessa
  7009 | D:7      | Noticed Dowan
  7014 | D:7      | Killed Duvessa
  7022 | D:7      | Killed Dowan
  7023 | D:7      | Reached XP level 9. HP: 62/70 MP: 6/9
  7095 | D:7      | Reached skill level 14 in Axes
  7439 | D:7      | Noticed Prince Ribbit
  7463 | D:7      | Killed Prince Ribbit
  7559 | D:7      | Found a staircase to the Ecumenical Temple.
  7605 | Temple   | Entered the Ecumenical Temple
  7954 | D:7      | Reached **** piety under Trog
  8032 | D:7      | Found an iron altar of Okawaru.
  8033 | D:7      | Found a hazy altar of Hepliaklqana.
  8103 | D:7      | Noticed Pikel
  8136 | D:7      | Killed Pikel
  8137 | D:7      | Reached skill level 15 in Axes
  8815 | D:8      | Noticed an elephant
  8822 | D:8      | Found a staircase to the Lair.
  8834 | D:8      | Reached skill level 16 in Axes
  8835 | D:8      | Killed an elephant
  8836 | D:8      | Reached XP level 10. HP: 77/77 MP: 7/10
  9041 | D:8      | HP: 6/120 [poisoned by a hornet]
  9041 | D:8      | Slain by a hornet

Illustrated notes

Levels and vault maps discovered:
D:1:      minmay_arrival_semitransparent, layout_loops_ring,
          hellmonk_ecumenical_altar_arch_garden
D:2:      layout_loops_ring
D:3:      layout_loops_cross
D:4:      layout_rooms, good_gods_mini_temple, mainiacjoe_overflow_catwalk,
          kennysheep_mini_moat, chequers_temple_overflow_minitemple,
          minivault_25, minmay_shop_grid_forest, minivault_5
D:5:      layout_loops_ring, serial_bayou, serial_bayou_shore_b,
          serial_bayou_lagoon_b, serial_bayou_pond_e, serial_bayou_lake_a,
          sigmund_army
D:6:      layout_basic, minmay_shop_damaged
D:7:      layout_layer_cave, mainiacjoe_overflow_small_starburst,
          lemuel_doored_altar, minmay_temple_entry_butterflies,
          uniq_prince_ribbit1, uniq_duvessa, uniq_pikel
D:8:      layout_cave_pools, david_lair_generic, serial_shops, shop
Temple:   nicolae_temple_figure_zero

Skill      XL: |  1  2  3  4  5  6  7  8  9 10 |
---------------+-------------------------------+-----
Axes           | 5 6 7 9 11 13 16 | 16.6
Dodging        | 2 3 |  3.0
Evocations     | 1 2 3 4 |  4.1
Fighting       | 4 |  4.5
Armour         | |  2.1
Spellcasting   | |  0.1

Action                   |  1- 3 |  4- 6 |  7- 9 | 10-12 || total
-------------------------+-------+-------+-------+-------++-------
Melee: Hand axe          |    84 |   108 |       |       ||   192
       Punch             |       |     1 |     4 |       ||     5
       War axe           |       |   105 |   239 |    32 ||   376
Invok: Berserk           |       |     1 |     5 |     1 ||     7
       Trog's Hand       |       |       |     2 |       ||     2
Evoke: Wand              |       |       |     5 |       ||     5
  Use: Scroll            |     2 |     5 |     2 |       ||     9
 Stab: Sleeping          |     1 |       |       |       ||     1
Armor: Animal skin       |    16 |       |       |       ||    16
       Ring mail         |     7 |    27 |       |       ||    34
       Chain mail        |       |    69 |   116 |     7 ||   192
Dodge: Dodged            |    59 |    76 |   125 |    11 ||   271

Table legend: (Time is in decaauts)
 A = Elapsed time spent in this place.
 B = Non-inter-level travel time spent in this place.
 C = Inter-level travel time spent in this place.
 D = Time resting spent in this place.
 E = Time spent auto-exploring this place.
 F = Levels seen in this place.
 G = Mean time per level.
                   A        B        C        D        E       F      G
               +--------+--------+--------+--------+--------+-----+--------+
         Total |   9120 |   8952 |    168 |    117 |   7591 |   9 | 1013.3 |
       Dungeon |   8948 |   8789 |    159 |    117 |   7430 |   8 | 1118.5 |
        Temple |    171 |    162 |      9 |      0 |    161 |   1 |  171.0 |
               +--------+--------+--------+--------+--------+-----+--------+

Top non-repeatable levels by time:
     D:7: 1933 daAuts
     D:5: 1533 daAuts
     D:2: 1485 daAuts
     D:4: 1078 daAuts
     D:1: 1024 daAuts
     D:3: 820 daAuts
     D:6: 820 daAuts
     D:8: 253 daAuts
  Temple: 171 daAuts
